 Dungeon Crawl Stone Soup version 0.31.0-11-ge490571c62 (webtiles) character file.

Game seed: 16665569963593464997

46806 CougarLife the Grappler (level 14, -12/136 HPs)
             Began as a Troll Fighter on Feb 4, 2024.
             Was a High Priest of Okawaru.
             Mangled by Snorg (16 damage)
             ... on level 4 of the Lair of Beasts.
             The game lasted 00:32:46 (14468 turns).

CougarLife the Grappler (Troll Fighter)            Turns: 14468, Time: 00:32:47

Health: -12/136    AC:  9    Str: 29    XL:     14   Next: 6%
Magic:  21/21      EV: 20    Int:  6    God:    Okawaru [*****.]
Gold:   801        SH:  9    Dex:  9    Spells: 13/13 levels left

rFire   . .          .
                       - Unarmed
rCold   . . .        b - +0 kite shield
rNeg    . . .        M - +0 acid dragon scales
rPois   .            I - +1 hat
rElec   .            (no cloak)
rCorr   +            (gloves unavailable)
SInv    .            (boots unavailable)
Will    +....        (no amulet)
Stlth   +            B - +5 ring of evasion
HPRegen 1.22/turn    v - +5 ring of evasion
MPRegen 0.17/turn

%: no passive effects
@: lethally poisoned (-12 -> -14)
A: large, unfitting armour, claws 3, regeneration 1, shaggy fur 1, tough skin 1
a: Renounce Religion, Heroism, Finesse, Duel


You were on level 4 of the Lair of Beasts.
You worshipped Okawaru.
Okawaru was extremely pleased with you.
You visited 3 branches of the dungeon, and saw 17 of its levels.

You collected 801 gold pieces.

Inventory:

Missiles
 j - 10 boomerangs (quivered)
 l - 35 poisoned darts
 y - 14 javelins
 L - 10 large rocks
Armour
 b - a +0 kite shield (worn)
 I - a +1 hat (worn)
 M - +0 acid dragon scales (worn)
Jewellery
 v - a +5 ring of evasion (right claw)
 x - a ring of flight
 B - a +5 ring of evasion (left claw)
 J - a +6 ring of dexterity
Wands
 m - a wand of quicksilver (20)
 D - a wand of flame (22)
 G - a wand of roots (15)
 H - a wand of mindburst (15)
Scrolls
 a - 4 scrolls of enchant weapon
 c - a scroll of identify
 d - 3 scrolls of teleportation
 f - 2 scrolls of noise
 h - a scroll of blinking
 n - 3 scrolls of fog
 p - 4 scrolls of poison
 q - 3 scrolls of immolation
 r - 3 scrolls of brand weapon
 s - a scroll of fear
 t - 3 scrolls of revelation
 w - a scroll of amnesia
 K - 2 scrolls of vulnerability
Potions
 e - 3 potions of curing
 g - 3 potions of degeneration
 i - a potion of magic {unknown}
 k - 5 potions of attraction
 o - 2 potions of ambrosia {unknown}
 u - 4 potions of heal wounds
 z - a potion of invisibility {unknown}
 A - 2 potions of mutation {unknown}
 C - 2 potions of haste {unknown}
 E - 2 potions of resistance
 F - a potion of might
 N - a potion of brilliance {unknown}
 O - a potion of berserk rage {unknown}
 P - 2 potions of cancellation {unknown}


   Skills:
 - Level 8.0 Fighting
 - Level 6.0 Throwing
 - Level 7.1 Dodging
 - Level 8.1 Shields
 + Level 13.4 Unarmed Combat
 - Level 11.0 Invocations
 - Level 5.3 Evocations


You had 13 spell levels left.
You didn't know any spells.
Your spell library contained the following spells:

 Spells                   Type           Power      Damage    Failure   Level
 Apportation              Tloc           0%         N/A       71%         1
 Magic Dart               Conj           0%         1d3       71%         1
 Necrotise                Necr           0%         1d4       71%         1
 Sting                    Conj/Alch      0%         1d3       71%         1
 Ensorcelled Hibernation  Hex/Ice        0%         N/A       83%         2
 Searing Ray              Conj           0%         2d4       83%         2
 Passwall                 Erth           0%         N/A       97%         3
 Swiftness                Air            0%         N/A       97%         3
 Vampiric Draining        Necr           0%         2d6       97%         3
 Dimensional Bullseye     Hex/Tloc       0%         N/A       100%        4
 Fulminant Prism          Conj/Alch      0%         3d5       100%        4
 Iskenderun's Mystic Bla  Conj/Tloc      0%         2d3       100%        4
 Olgreb's Toxic Radiance  Alch           0%         N/A       100%        4
 Curse of Agony           Necr           0%         N/A       100%        5
 Ozocubu's Refrigeration  Ice            0%         4d7       100%        7
 Discord                  Hex            0%         N/A       100%        8
 Summon Small Mammal      Summ           Unusable   N/A       N/A         1
 Tukima's Dance           Hex            Unusable   N/A       N/A         3
 Martyr's Knell           Necr/Summ      Unusable   N/A       N/A         4

Dungeon Overview and Level Annotations

Branches:
Dungeon (11/15)            Temple (1/1) D:7            Lair (5/5) D:8
 Shoals (0/4) Lair:3       Spider (0/4) Lair:3
  Slime: Lair:4-5       Orc: D:9-12

Altars:
Ashenzari
Cheibriados
Dithmenos
Elyvilon
Fedhas
Gozag
Hepliaklqana
Kikubaaqudgha
Makhleb
Nemelex Xobeh
Okawaru
Qazlal
Ru
Sif Muna
Trog
Uskayaw
Vehumet
Wu Jian
Xom
Yredelemnul
Zin
The Shining One

Shops:
D:4 [

Annotations:
D:11 1 runed translucent door, Gadfly's ghost, journeyman DsMo
Lair:1 2 transporters
Lair:4 Snorg


Innate Abilities, Weirdness & Mutations

You are too large for most types of armour.
You have claws for hands.
Your natural rate of healing is unusually fast.
You are covered in fur. (AC +1)
You have tough skin. (AC +1)


Message History

You barely miss Snorg.
You feel extremely sick.
You block Snorg's attack. x2; Snorg closely misses you.
The cane toad completely misses you. The cane toad closely misses you.
You barely miss Snorg.
You feel very sick. The cane toad barely misses you.
Snorg goes berserk!
The cane toad barely misses you.
You mangle Snorg!!
Snorg is lightly wounded.
You feel very sick. Snorg closely misses you. You block Snorg's attack. x2
The cane toad misses you.
You mangle Snorg!!
Snorg is moderately wounded.
You feel very sick. The cane toad misses you. Snorg closely misses you.
You block Snorg's attack. Snorg barely misses you.
The cane toad closely misses you.
You mangle Snorg!!
Snorg is heavily wounded.
You feel very sick. Snorg misses you. Snorg completely misses you.
Snorg claws you! The cane toad stings you! The cane toad misses you.
You mangle Snorg!!
Snorg is severely wounded.
You feel very sick. Snorg bites you!!
* * * LOW HITPOINT WARNING * * *
Snorg claws you but does no damage. Snorg claws you!
* * * LOW HITPOINT WARNING * * *
The cane toad barely misses you.
You closely miss Snorg.
Snorg is severely wounded.
You feel sick. Snorg bites you!
* * * LOW HITPOINT WARNING * * *
Snorg claws you!
* * * LOW HITPOINT WARNING * * *
Snorg closely misses you. You block the cane toad's attack.
The cane toad barely misses you. Snorg bites you!
You die...

.##...........####.....#
...............##.......
..$.....................
........................
........................
........................
............#....PP.....
......F....##...####....
#.....F@.....#### #....
##.....T........ #....
#.....(.......... ....#
.........P....... .....#
...##....#....... ..#
#............ ..
............
#..(.....:..


You could see Snorg (berserk) and 2 cane toads.

Vanquished Creatures
  2 hydras (Lair:3)
  A catoblepas (Lair:5)
  Erolcha (D:10)
  Erica (D:9)
  5 two-headed ogres
  5 death yaks
  A boulder beetle (Lair:3)
  A skyshark (Lair:5)
  The ghost of biznut the Covert, a novice SpEn of Gozag (D:9)
  Pikel (D:7)
  3 harpies (Lair:3)
  2 manticores (D:11)
  7 elephants
  6 black mambas
  A torpor snail (Lair:3)
  2 gargoyles
  12 cane toads
  2 rime drakes (Lair:3)
  An unseen horror (D:11)
  A freezing wraith (D:10)
  13 komodo dragons
  A troll (D:10)
  2 polar bears
  Grinder (D:3)
  A hornet (D:7)
  Prince Ribbit (D:8)
  6 blink frogs
  4 dream sheep
  A slime creature (D:11)
  A snapping turtle (shapeshifter) (D:11)
  Sigmund (D:5)
  3 jumping spiders (Lair:3)
  33 yaks
  A wyvern (Lair:3)
  3 culicivoras
  A wraith (D:9)
  A steam dragon (D:9)
  3 basilisks
  3 redbacks (Lair:3)
  3 vampire mosquitoes (D:11)
  Edmund (D:5)
  An acid dragon (D:10)
  Duvessa (D:5)
  21 water moccasins
  2 ice beasts
  2 orc warriors
  2 black bears
  3 ogres (D:5)
  A sky beast (D:8)
  3 centaurs
  A lemure (D:7)
  26 wolves
  3 phantoms
  2 kobold brigands (D:8)
  5 scorpions
  22 bullfrogs
  3 wights (D:8)
  Dowan (D:5)
  19 killer bees
  3 howler monkeys
  An electric eel (Lair:3)
  A bombardier beetle (D:4)
  A hound (D:5)
  2 jellies (D:5)
  5 orc priests
  A gnoll bouda (D:8)
  Jessica (D:3)
  16 orc wizards
  A sleepcap (D:5)
  3 iguanas
  Terence (D:3)
  A statue (D:9)
  Robin (D:2)
  5 gnolls (D:8)
  14 adders
  3 white imps
  A ribbon worm (D:3)
  4 dart slugs
  50 orcs
  2 bats
  6 endoplasms
  8 giant cockroaches
  14 goblins
  12 hobgoblins
  2 jackals (D:5)
  7 quokkas
  12 ball pythons
  6 frilled lizards
  13 kobolds
  10 rats
465 creatures vanquished.

Vanquished Creatures (others)
  An orc wizard (D:7)
1 creature vanquished.

Grand Total: 466 creatures vanquished

Notes
Turn   | Place    | Note
-------+----------+-------------------------------------------
     0 | D:1      | CougarLife the Troll Fighter began the quest for the Orb.
     0 | D:1      | Reached XP level 1. HP: 22/22 MP: 0/0
   239 | D:1      | Reached XP level 2. HP: 29/29 MP: 1/1
   458 | D:1      | Reached XP level 3. HP: 36/36 MP: 2/2
  1064 | D:2      | Noticed Robin
  1091 | D:2      | Reached skill level 3 in Unarmed Combat
  1095 | D:2      | Killed Robin
  1096 | D:2      | Reached XP level 4. HP: 17/44 MP: 3/3
  1499 | D:3      | Noticed Jessica
  1510 | D:3      | Killed Jessica
  1511 | D:3      | Reached skill level 4 in Unarmed Combat
  1512 | D:3      | Noticed a scorpion
  1522 | D:3      | Killed a scorpion
  1523 | D:3      | Reached XP level 5. HP: 38/52 MP: 4/4
  1569 | D:3      | Noticed Terence
  1578 | D:3      | Killed Terence
  1579 | D:3      | Reached skill level 5 in Unarmed Combat
  1716 | D:3      | Noticed Grinder
  1723 | D:3      | Killed Grinder
  1724 | D:3      | Reached skill level 6 in Unarmed Combat
  1724 | D:3      | Reached XP level 6. HP: 34/59 MP: 5/5
  2084 | D:4      | Identified the +4 ring mail of Vanity {Int+5}
  2086 | D:4      | Found the +8 trishula "Condemnation" {holy, anguish, *Noise
                  | Fly rN+}
  2216 | D:4      | Reached XP level 7. HP: 59/66 MP: 6/6
  2274 | D:4      | Reached skill level 7 in Unarmed Combat
  2367 | D:4      | Found Luthra's Armour Boutique.
  2898 | D:5      | Entered Level 5 of the Dungeon
  3173 | D:5      | Reached skill level 8 in Unarmed Combat
  3409 | D:5      | Found a basalt altar of Yredelemnul.
  3544 | D:5      | Noticed Sigmund
  3554 | D:5      | Killed Sigmund
  3555 | D:5      | Reached XP level 8. HP: 76/79 MP: 7/7
  3680 | D:5      | Reached skill level 5 in Fighting
  3730 | D:5      | Noticed Edmund
  3748 | D:5      | Killed Edmund
  3794 | D:5      | Noticed Dowan
  3796 | D:5      | Noticed Duvessa
  3809 | D:5      | Killed Dowan
  3825 | D:5      | Killed Duvessa
  4489 | D:6      | Found a blossoming altar of Fedhas.
  4687 | D:6      | Reached XP level 9. HP: 92/93 MP: 8/8
  5351 | D:7      | Noticed Pikel
  5366 | D:7      | Killed Pikel
  5574 | D:7      | Reached skill level 5 in Dodging
  5654 | D:7      | Reached skill level 1 in Evocations
  5673 | D:7      | Found a staircase to the Ecumenical Temple.
  5802 | Temple   | Entered the Ecumenical Temple
  5844 | Temple   | Became a worshipper of Warmaster Okawaru
  6497 | D:8      | Found a bloodstained altar of Trog.
  6549 | D:8      | Reached XP level 10. HP: 83/104 MP: 9/9
  6573 | D:8      | Reached * piety under Okawaru
  6676 | D:8      | Found a staircase to the Lair.
  6717 | D:8      | Noticed an elephant
  6754 | D:8      | Killed an elephant
  6755 | D:8      | Reached skill level 5 in Evocations
  6812 | D:8      | Reached skill level 1 in Invocations
  7097 | D:8      | Noticed Prince Ribbit
  7119 | D:8      | Killed Prince Ribbit
  7119 | D:8      | Reached ** piety under Okawaru
  7256 | D:9      | Found a hide-covered altar of Uskayaw.
  7256 | D:9      | Found a burning altar of Makhleb.
  7269 | D:9      | Noticed a two-headed ogre
  7278 | D:9      | Killed a two-headed ogre
  7279 | D:9      | Reached skill level 5 in Invocations
  7322 | D:9      | Found a shimmering blue altar of Sif Muna.
  7480 | D:9      | Found a runed translucent gate.
  7485 | D:9      | Found a runed translucent gate.
  7486 | D:9      | Found a runed translucent gate.
  7520 | D:9      | Reached skill level 1 in Throwing
  7564 | D:9      | Noticed a two-headed ogre
  7574 | D:9      | Killed a two-headed ogre
  7574 | D:9      | Reached *** piety under Okawaru
  7742 | D:9      | Found a radiant altar of Vehumet.
  7777 | D:9      | Noticed Erica
  7787 | D:9      | Killed Erica
  7788 | D:9      | Reached XP level 11. HP: 57/111 MP: 11/13
  8036 | D:9      | Noticed biznut's ghost (novice SpEn)
  8055 | D:9      | Killed biznut's ghost
  8056 | D:9      | Reached skill level 5 in Throwing
  8079 | D:10     | Entered Level 10 of the Dungeon
  8367 | D:10     | Noticed a two-headed ogre
  8383 | D:10     | Killed a two-headed ogre
  8437 | D:10     | Reached **** piety under Okawaru
  8586 | D:10     | Reached skill level 9 in Unarmed Combat
  8678 | D:10     | Noticed Erolcha
  8686 | D:10     | Killed Erolcha
  8870 | D:11     | Reached skill level 10 in Unarmed Combat
  8909 | D:11     | Reached ***** piety under Okawaru
  9034 | D:11     | Noticed a two-headed ogre
  9038 | D:11     | Noticed a two-headed ogre
  9043 | D:11     | Killed a two-headed ogre
  9044 | D:11     | Reached skill level 11 in Unarmed Combat
  9048 | D:11     | Killed a two-headed ogre
  9169 | D:11     | Received a gift from Okawaru
  9339 | D:11     | Reached skill level 12 in Unarmed Combat
  9339 | D:11     | Reached XP level 12. HP: 91/119 MP: 14/14
  9493 | D:11     | Noticed an entropy weaver
  9501 | D:11     | an entropy weaver changed into a deep troll
  9585 | D:11     | Found a runed translucent door.
  9586 | D:11     | Noticed Gadfly's ghost (journeyman DsMo)
  9690 | Lair:1   | Entered Level 1 of the Lair of Beasts
  9735 | Lair:1   | Found the amulet of Elemental Vulnerability {rPois rF--
                  | rC-- AC+8}
  9772 | Lair:1   | Noticed a death yak
  9772 | Lair:1   | Noticed a death yak
  9772 | Lair:1   | Noticed a death yak
  9772 | Lair:1   | Noticed a death yak
  9783 | Lair:1   | Killed a death yak
  9792 | Lair:1   | Killed a death yak
  9797 | Lair:1   | Killed a death yak
  9804 | Lair:1   | Killed a death yak
  9977 | Lair:1   | Found a dark tunnel.
 10097 | Lair:1   | Found a transporter.
 10123 | Lair:1   | Received a gift from Okawaru
 10316 | Lair:1   | Found a transporter.
 10317 | Lair:1   | Found the +2 hat of the Bear Spirit {Spirit, Bear, *Rage
                  | Will++}
 11163 | Lair:2   | Reached skill level 10 in Invocations
 11808 | Lair:3   | Found a radiant altar of Vehumet.
 12114 | Lair:3   | Found a hole to the Spider Nest.
 12177 | Lair:2   | HP: 5/119 [poisoned by a cane toad]
 12327 | Lair:3   | Received a gift from Okawaru
 12328 | Lair:3   | Reached XP level 13. HP: 95/127 MP: 20/20
 12424 | Lair:3   | Reached skill level 5 in Shields
 12873 | Lair:3   | Received a gift from Okawaru
 12966 | Lair:3   | You fall into a shaft and drop 2 floors!
 12966 | Lair:5   | Entered Level 5 of the Lair of Beasts
 13226 | Lair:5   | Identified the +1 robe of the Furies {Str+2}
 13235 | Lair:5   | Received a gift from Okawaru
 14071 | Lair:3   | Found a staircase to the Shoals.
 14248 | Lair:4   | Received a gift from Okawaru
 14274 | Lair:4   | Reached skill level 13 in Unarmed Combat
 14317 | Lair:4   | Reached XP level 14. HP: 88/136 MP: 21/21
 14454 | Lair:4   | Noticed Snorg
 14468 | Lair:4   | HP: 4/136 [Snorg (14)]
 14468 | Lair:4   | Mangled by Snorg

Illustrated notes

Levels and vault maps discovered:
D:1:      sevenhm_arrival_forest_fort_small_5, layout_basic, dk_noncrumbling_2,
          item_on_display_a
D:2:      layout_loops_cross, uniq_robin
D:3:      layout_loops_ring, hangedman_abyss_or_decor_stabs, uniq_jessica,
          uniq_grinder, uniq_terence
D:4:      layout_basic, serial_shops, shop, minmay_mini_jars
D:5:      minmay_razor_zed, layout_layer_cave, yredelemnul_altar_generic,
          uniq_edmund, uniq_sigmund, uniq_duvessa
D:6:      layout_loops_corners, lemuel_round_altar, minmay_holes
D:7:      layout_loops_corners, minmay_temple_entry_nine_rooms, uniq_pikel
D:8:      layout_gridville, mainiacjoe_overflow_24_doors,
          grunt_lair_entry_orc_guard_hut, enter_bailey_2, uniq_grum,
          uniq_prince_ribbit1
D:9:      layout_loops_cross, vehumet_statue,
          chequers_temple_overflow_statue_of_worship, ebering_ghost_rock_garden,
          uniq_erica
D:10:     layout_roguey, grunt_ministairs_14, uniq_erolcha
D:11:     layout_cave_pools, ebering_ghost_inner_flame, minmay_three_doors
Temple:   regret_index_temple_generic_petals
Lair:1:   gammafunk_cloud_chamber, layout_loops_ring,
          nicolae_volcano_entry_hallway
Lair:2:   layout_cave_pods, beast_lair_carwin_10, serial_bayou_shore_b
Lair:3:   nzn_winding_woodlands_cross [nzn_winding_woodlands_5x15_eye,
          nzn_winding_woodlands_5x15_garden,
          nzn_winding_woodlands_5x15_pathside_ponds,
          nzn_winding_woodlands_5x15_pockets,
          nzn_winding_woodlands_15x15_killbox], layout_cave_pods,
          nicolae_shoals_entry_roost, nicolae_spider_entry_tight_spaces,
          basic_altar, beast_lair_carwin_6
Lair:4:   layout_cave_shapes, minmay_slime_entry_oklob_enclosed,
          dreamdust_gnoll_shepherd, uniq_snorg
Lair:5:   evilmike_catoblepas_cave, layout_cave_pods, grunt_megastairs_2

Skill      XL: |  1  2  3  4  5  6  7  8  9 10 11 12 13 |
---------------+----------------------------------------+-----
Dodging        | 3 5 7 |  7.1
Shields        | 3 8 |  8.1
Unarmed Combat | 3 4 6 8 12 13 | 13.4
Fighting       | 4 7 8 |  8.0
Evocations     | 3 5 |  5.3
Invocations    | 5 11 | 11.0
Throwing       | 4 6 |  6.0

Action                     |  1- 3 |  4- 6 |  7- 9 | 10-12 | 13-15 || total
---------------------------+-------+-------+-------+-------+-------++-------
  Melee: Unarmed           |   119 |    86 |   319 |   727 |   351 ||  1602
  Throw: Boomerang         |       |       |       |    22 |    38 ||    60
         Dart              |       |       |       |     3 |       ||     3
         Javelin           |       |       |       |       |     8 ||     8
         Large rock        |       |       |       |       |     7 ||     7
 Invoke: Heroism           |       |       |       |    10 |     6 ||    16
         Finesse           |       |       |       |       |     1 ||     1
  Evoke: Wand              |       |       |       |     1 |     3 ||     4
    Use: Potion            |     1 |       |       |     1 |     5 ||     7
         Scroll            |       |       |       |    13 |     4 ||    17
   Stab: Sleeping          |     1 |       |       |       |       ||     1
         Petrified         |       |       |       |       |     4 ||     4
 Armour: Robe              |    63 |    36 |   170 |   139 |       ||   408
         Acid dragon scale |       |       |       |   235 |   249 ||   484
  Dodge: Dodged            |    46 |    26 |   131 |   607 |   338 ||  1148
  Block: Kite shield       |    42 |    19 |   101 |   286 |   232 ||   680
